 Dungeon Crawl Stone Soup version 0.19.1 (webtiles) character file.

204 KarmaPolice the Charmwright (level 5, -9/39 HPs)
             Began as a Vampire Skald on Nov 26, 2016.
             Mangled by an ogre
             ... wielding a +0 giant spiked club
              (21 damage)
             ... on level 3 of the Dungeon.
             The game lasted 00:05:17 (2173 turns).

KarmaPolice the Charmwright (Vampire Skald)         Turns: 2173, Time: 00:05:18

Health: -9/39      AC:  4    Str: 11    XL:     5   Next: 52%
Magic:  1/9        EV: 11    Int: 15    God:
Gold:   109        SH:  0    Dex: 14    Spells: 4 memorised, 2 levels left

rFire  . . .     SeeInvis +     n - +0 dagger (venom)
rCold  + . .     Gourm    .     b - +0 leather armour
rNeg   + + .     Faith    .     (no shield)
rPois  +         Spirit   .     (no helmet)
rElec  .         Reflect  .     (no cloak)
rCorr  .         Harm     .     (no gloves)
MR     .....                    f - +0 pair of boots
Stlth  ++........               (no amulet)
                                (no ring)
                                (no ring)

@: regenerating slowly
A: fangs 3, see invisible, unbreathing
a: Bat Form


You were on level 3 of the Dungeon.
You were near bloodless.

You visited 1 branch of the dungeon, and saw 4 of its levels.

You collected 109 gold pieces.

Inventory:

Hand Weapons
 a - a +0 falchion
 n - a +0 dagger of venom (weapon)
Armour
 b - a +0 leather armour (worn)
 f - a +0 pair of boots (worn)
 i - a +2 ring mail of magic resistance
 k - a +0 robe of resistance
 s - a +0 helmet
 t - a +2 animal skin
Jewellery
 u - an uncursed ring of magical power {unknown}
Scrolls
 e - a scroll of fear {unknown}
 g - a scroll of fog {unknown}
 h - a scroll of enchant armour {unknown}
 l - a scroll of magic mapping {unknown}
 m - 2 scrolls of identify {unknown}
 p - 2 scrolls of teleportation {unknown}
Potions
 d - 24 potions of blood
 j - a potion of agility {unknown}
 o - a potion of lignification {unknown}
 q - a potion of invisibility
 r - a potion of flight {unknown}
Books
 c - a book of Battle

   Spells                             Type                      Level
   a - Infusion                       Charms                       1
   b - Shroud of Golubria             Charms/Translocation         2
   c - Song of Slaying                Charms                       2
   d - Spectral Weapon                Hexes/Charms                 3
   e - Regeneration                   Charms/Necromancy            3


   Skills:
 + Level 2.6 Fighting
 + Level 3.3 Long Blades
 - Level 0.7 Armour
 - Level 1.1 Dodging
 + Level 3.1 Spellcasting
 - Level 4.4 Charms
 + Level 1.3 Necromancy


You had 2 spell levels left.
You knew the following spells:

 Your Spells              Type           Power        Failure   Level  Hunger
a - Infusion              Chrm           ###.         4%          1    #......
b - Shroud of Golubria    Chrm/Tloc      #.........   17%         2    ##.....
c - Song of Slaying       Chrm           ###.....     10%         2    ##.....
d - Regeneration          Chrm/Necr      ##........   24%         3    ###....


Dungeon Overview and Level Annotations

Branches:
Dungeon (4/15)
 Temple: D:4-7

Altars:
Elyvilon
Okawaru


Innate Abilities, Weirdness & Mutations

You heal slowly.
You have razor-sharp teeth.
You have supernaturally acute eyesight. (SInv)
You can survive without breathing.


Message History

You kill the orc!
Your shroud unravels.
Your magical infusion is running out.
You barely miss the ogre. The ogre barely misses you.
You hit the ogre.
The ogre is poisoned.
The ogre is moderately wounded.
The ogre barely misses you.
There is a stone staircase leading up here.
Your song is almost over.
You barely miss the ogre. Your bite misses the ogre.
The ogre is moderately wounded.
You are no longer magically infusing your attacks.
The ogre hits you with a giant spiked club!!
Ouch! That really hurt!
* * * LOW HITPOINT WARNING * * *
You hit the ogre but do no damage. Your bite misses the ogre.
The ogre is heavily wounded.
Your song has ended.
The ogre hits you with a giant spiked club!!
Ouch! That really hurt!
You die...

######## #......# ####......#
..........######
..........#....#
.........##....#
......##)##....################
.........)..<.oO@..........>..#
#####.#.###....####.##.#..#.#.#
#.#.###....#....##.#.[#.#.###
#....##....#.##....#..#.#....
###..###....(##.####..#.####.
#..###.####...........####.
#..........รท..#########...<
#####...###.#.# #.###
#....#....#########.#


You could see an ogre and an orc.

Vanquished Creatures
  Jessica (D:3)
  Ijyb (D:2)
  Robin (D:3)
  5 adders (D:2)
  2 worms
  3 dart slugs
  3 leopard geckos
  6 orcs (D:3)
  2 giant cockroaches
  13 goblins
  9 hobgoblins
  A ball python (D:2)
  12 bats
  5 frilled lizards
  5 kobolds
  9 rats
78 creatures vanquished.

Notes
Turn   | Place    | Note
-------+----------+-------------------------------------------
     0 | D:1      | KarmaPolice the Vampire Skald began the quest for the Orb.
     0 | D:1      | Reached XP level 1. HP: 16/16 MP: 3/3
   132 | D:1      | Reached XP level 2. HP: 9/22 MP: 0/5
   331 | D:1      | Learned a level 2 spell: Shroud of Golubria
   334 | D:1      | Learned a level 2 spell: Song of Slaying
   620 | D:1      | Reached XP level 3. HP: 27/27 MP: 6/6
   726 | D:2      | Reached skill level 4 in Charms
  1156 | D:2      | Reached XP level 4. HP: 30/33 MP: 2/7
  1380 | D:2      | Found a white marble altar of Elyvilon.
  1506 | D:2      | Learned a level 3 spell: Regeneration
  1507 | D:3      | Noticed Ijyb
  1517 | D:2      | Killed Ijyb
  1560 | D:3      | Noticed Robin
  1585 | D:3      | Killed Robin
  1585 | D:3      | Reached XP level 5. HP: 35/39 MP: 5/9
  1721 | D:4      | Found an iron altar of Okawaru.
  1822 | D:3      | Noticed Jessica
  1830 | D:3      | Killed Jessica
  1998 | D:3      | Reached skill level 1 in Necromancy
  2126 | D:3      | Noticed an ogre
  2173 | D:3      | Mangled by an ogre

Skill      XL: |  1  2  3  4  5 |
---------------+----------------+-----
Fighting       | 2 |  2.6
Charms         | 4 |  4.4
Long Blades    | 3 |  3.3
Spellcasting   | 3 |  3.1
Necromancy     | 1 |  1.3
Armour         | |  0.7
Dodging        | |  1.1

Action                   |  1- 3 |  4- 6 || total
-------------------------+-------+-------++-------
Melee: Falchion          |    93 |       ||    93
       Bite              |    12 |    10 ||    22
       Dagger            |    13 |   100 ||   113
 Cast: Infusion          |     6 |     6 ||    12
       Shroud of Golubri |     3 |     3 ||     6
       Regeneration      |       |     1 ||     1
       Song of Slaying   |       |     1 ||     1
 Abil: End Transformatio |     1 |     1 ||     2
       Bat Form          |     1 |     1 ||     2
  Use: Potion            |       |     1 ||     1
 Stab: Sleeping          |     1 |     2 ||     3
Armor: Leather armour    |    50 |    19 ||    69
Dodge: Dodged            |    64 |    36 ||   100
       Rpst.: Falchion   |    17 |       ||    17
